 Dungeon Crawl Stone Soup version 0.30-a0-989-g0d87f670db (webtiles) character file.

Game seed: 10921141525583549094

982 dialectric the Slasher (level 7, -3/54 HPs)
             Began as a Demonspawn Fighter on Apr 2, 2023.
             Killed by divine providence
             ... invoked by an orc priest
              (16 damage)
             ... on level 6 of the Dungeon.
             The game lasted 00:05:53 (4897 turns).

dialectric the Slasher (Demonspawn Fighter)         Turns: 4897, Time: 00:05:54

Health: -3/54      AC:  9    Str: 16 (19) XL:     7   Next: 96%
Magic:  7/7        EV: 10    Int:  9      God:
Gold:   416        SH:  0    Dex: 10 (12) Spells: 6/6 levels left

rFire   . . .      SeeInvis +    a - +0 long sword
rCold   . . .      Faith    .    (no shield)
rNeg    . . .      Spirit   .    b - +0 scale mail
rPois   .          Reflect  .    (no helmet)
rElec   +          Rampage  .    l - +0 cloak
rCorr   .                        (no gloves)
Will    .....                    s - +0 pair of boots Stlth
                                 (no amulet)
HPRegen 0.29/turn                (no ring)
MPRegen 0.10/turn                (no ring)

@: no status effects
A: powered by pain 2, demonic magic 1, weakness stinger 1, see invisible,
electricity resistance
a: no special abilities


You were on level 6 of the Dungeon.
You visited 1 branch of the dungeon, and saw 6 of its levels.

You collected 416 gold pieces.

Inventory:

Hand Weapons
 a - a +0 long sword (weapon)
 d - a +2 quarterstaff of chaos
 m - a +0 scimitar
Armour
 b - a +0 scale mail (worn)
 c - a +0 buckler
 l - a +0 cloak (worn)
 s - a +0 pair of boots (worn)
 y - a +0 chain mail
Scrolls
 o - a scroll of immolation {unknown}
 q - a scroll of amnesia
 u - a scroll of identify
 v - a scroll of noise
 w - 3 scrolls of enchant armour {unknown}
 x - a scroll of butterflies {unknown}
Potions
 f - a potion of resistance
 h - a potion of experience {unknown}
 i - a potion of cancellation
 j - a potion of degeneration
 k - a potion of berserk rage {unknown}
 p - a potion of flight {unknown}
 r - a potion of brilliance {unknown}
 t - 2 potions of curing
 A - 2 potions of attraction
 B - a potion of heal wounds {unknown}


   Skills:
 + Level 4.3 Fighting
 + Level 5.5 Long Blades
 + Level 5.3 Armour
 * Level 3.1 Dodging
 + Level 0.3 Stealth
 - Level 2.6 Shields


You had 6 spell levels left.
You didn't know any spells.
Your spell library contained the following spells:

 Spells                   Type           Power      Damage    Failure   Level
 Ozocubu's Armour         Ice            0%         N/A       99%         3
 Ozocubu's Refrigeration  Ice            0%         4d7       100%        7


Dungeon Overview and Level Annotations

Branches:
Dungeon (6/15)
 Temple: D:4-7

Altars:
Kikubaaqudgha
Nemelex Xobeh

Annotations:
D:5 Dowan, Duvessa, Pikel, Sigmund


Innate Abilities, Weirdness & Mutations

You sometimes gain power by taking damage.
Spells you cast may paralyse adjacent enemies.
You have a small tail.
You have supernaturally acute eyesight. (SInv)
You are resistant to electric shocks. (rElec)


Message History

You kill the iguana!
You feel your dexterity returning.
Things that are here:
an iguana corpse; an iguana corpse; a hound corpse You hear the rusting of a distant drain.
You open the door.
Found a potion of curing.
There is an open door here.
t - 2 potions of curing (gained 1)
Found 8 gold pieces.
It was a potion of mutation.
You feel extremely strange.
Your vision sharpens.
You feel insulated.
You feel a little less mighty now.
Found a scroll of poison.
You now have 416 gold pieces (gained 8).
You open the door.
There is an open door here. 2 orc priests, an orc wizard and 2 orcs come into view.
Found a stone staircase leading up.
The orc shouts!
The orc priest shouts! x2; The orc wizard shouts!
The orc shouts!
The orc priest looks braver for a moment.
The orc barely misses you.
The orc priest miscasts a cantrip.
You slash the orc!
You kill the orc!
The orc wizard hits you but does no damage.
Unknown command.
The orc priest attacks as you move away!
The orc priest closely misses you. The orc priest hits you with a +0 mace.
The orc wizard gestures at you while chanting.
The puff of flame hits you.
* * * LOW HITPOINT WARNING * * *
The orc hits you but does no damage.
The orc priest attacks as you move away!
The orc priest hits you with a +0 short sword.
* * * LOW HITPOINT WARNING * * *
The orc priest mumbles some strange prayers to Beogh against you.
Beogh smites you!
You die...

######### #.......#
#...<...# +.....@o#
#.....o.# ######
#.....oo#
.....############)#
.....##...##......#
...........'......#
...........#......#
.....##....#......#
####+##....#.###.##


You could see 2 orc priests, an orc wizard and an orc.

Vanquished Creatures
  A water moccasin (D:5)
  A sky beast (D:6)
  A lemure (D:6)
  3 phantoms
  A scorpion (D:5)
  4 hounds
  A jelly (D:4)
  Crazy Yiuf (D:2)
  Terence (D:2)
  2 sleepcaps (D:4)
  3 iguanas (D:6)
  3 gnolls (D:4)
  4 adders
  A worm (D:3)
  7 dart slugs
  12 orcs
  9 ball pythons
  5 endoplasms
  8 giant cockroaches
  11 goblins
  6 hobgoblins
  2 jackals (D:3)
  6 kobolds
  2 quokkas (D:1)
  6 bats
  7 frilled lizards
  A rat (D:1)
109 creatures vanquished.

Notes
Turn   | Place    | Note
-------+----------+-------------------------------------------
     0 | D:1      | dialectric the Demonspawn Fighter began the quest for the
                  | Orb.
     0 | D:1      | Reached XP level 1. HP: 18/18 MP: 1/1
   112 | D:1      | Gained mutation: Spells you cast may paralyse adjacent
                  | enemies. [demonic ancestry]
   112 | D:1      | Reached XP level 2. HP: 22/24 MP: 2/2
   569 | D:1      | Gained mutation: You have a small tail. [demonic ancestry]
   569 | D:1      | Reached XP level 3. HP: 18/29 MP: 3/3
  1004 | D:2      | Found a runed translucent door.
  1005 | D:2      | Noticed Crazy Yiuf
  1010 | D:2      | Killed Crazy Yiuf
  1011 | D:2      | Reached XP level 4. HP: 35/35 MP: 4/4
  1181 | D:2      | You fall into a shaft and drop 1 floor!
  1476 | D:2      | Noticed Terence
  1482 | D:2      | Killed Terence
  2051 | D:3      | Reached skill level 1 in Dodging
  2199 | D:3      | Gained mutation: You sometimes gain a little power by
                  | taking damage. [demonic ancestry]
  2199 | D:3      | Reached XP level 5. HP: 38/41 MP: 5/5
  2439 | D:3      | Found an ancient bone altar of Kikubaaqudgha.
  2439 | D:3      | Found a sparkling altar of Nemelex Xobeh.
  3009 | D:4      | Gained mutation: You sometimes gain power by taking damage.
                  | [demonic ancestry]
  3009 | D:4      | Reached XP level 6. HP: 47/47 MP: 6/6
  4141 | D:5      | Entered Level 5 of the Dungeon
  4184 | D:5      | Noticed a water moccasin
  4194 | D:5      | Killed a water moccasin
  4195 | D:5      | Reached XP level 7. HP: 46/53 MP: 7/7
  4232 | D:5      | Reached skill level 5 in Long Blades
  4347 | D:5      | Reached skill level 5 in Armour
  4604 | D:5      | Noticed Pikel
  4604 | D:5      | Noticed Sigmund
  4798 | D:5      | Noticed Duvessa
  4798 | D:5      | Noticed Dowan
  4879 | D:6      | Gained mutation: You have supernaturally acute eyesight.
                  | (SInv) [potion of mutation]
  4879 | D:6      | Gained mutation: You are resistant to electric shocks.
                  | (rElec) [potion of mutation]
  4897 | D:6      | Killed from afar by an orc priest

Illustrated notes

Levels and vault maps discovered:
D:1:      amcnicky_arrival_gap_in_the_tavern_cellar, layout_basic, minmay_tall_x
D:2:      layout_loops_ring, uniq_crazy_yiuf_cottage, uniq_terence
D:3:      layout_loops_ring, jmf_multi_god_temple, hangedman_feature_mirror,
          wander_ebering_terrifying_dragon_lair
D:4:      kb_forest_paths, layout_basic, hangedman_decor_slide_cut,
          amcnicky_mini_corridor_feature, kennysheep_donut
D:5:      layout_basic, minmay_manual_mess, uniq_pikel, uniq_duvessa,
          uniq_sigmund
D:6:      dreamdust_elfheim, layout_gridville, portal_sewer_entry_d,
          minivault_22, grunt_ministairs_1, guppyfry_shop_venom

Skill      XL: |  1  2  3  4  5  6  7 |
---------------+----------------------+-----
Armour         | 3 4 5 |  5.3
Long Blades    | 2 3 4 5 |  5.5
Dodging        | 1 2 3 |  3.1
Fighting       | 4 |  4.3
Stealth        | |  0.3
Shields        | |  2.6

Action                     |  1- 3 |  4- 6 |  7- 9 || total
---------------------------+-------+-------+-------++-------
  Melee: Long sword        |    91 |   227 |   124 ||   442
         Punch             |     1 |     1 |       ||     2
         Tailslap          |     5 |    37 |    16 ||    58
    Use: Potion            |     1 |       |    11 ||    12
         Scroll            |       |     2 |     3 ||     5
 Armour: Scale mail        |    49 |   113 |    83 ||   245
  Dodge: Dodged            |    73 |   122 |    82 ||   277

Table legend: (Time is in decaauts)
 A = Elapsed time spent in this place.
 B = Non-inter-level travel time spent in this place.
 C = Inter-level travel time spent in this place.
 D = Time resting spent in this place.
 E = Time spent auto-exploring this place.
 F = Levels seen in this place.
 G = Mean time per level.
                   A        B        C        D        E       F      G
               +--------+--------+--------+--------+--------+-----+--------+
         Total |   4979 |   4896 |     83 |    447 |   3380 |   6 |  829.8 |
       Dungeon |   4979 |   4896 |     83 |    447 |   3380 |   6 |  829.8 |
               +--------+--------+--------+--------+--------+-----+--------+

Top non-repeatable levels by time:
     D:4: 1629 daAuts
     D:1: 941 daAuts
     D:3: 899 daAuts
     D:2: 747 daAuts
     D:5: 476 daAuts
     D:6: 285 daAuts
